 Dungeon Crawl Stone Soup version 0.18.1-1-g2f07953 (webtiles) character file.

59 epen the Ruffian (level 3, -2/29 HPs)
             Began as a Draconian Transmuter on May 7, 2016.
             Slain by Natasha (5 damage)
             ... on level 2 of the Dungeon.
             The game lasted 00:02:03 (1859 turns).

epen the Ruffian (Draconian Transmuter)             Turns: 1859, Time: 00:02:05

Health: -2/29      AC:  5    Str: 12    XL:     3   Next: 78%
Magic:  5/6        EV: 12    Int: 14    God:
Gold:   30         SH:  0    Dex: 11    Spells: 3 memorised, 0 levels left

rFire  + . .     SeeInvis .       - Unarmed
rCold  . . .     Gourm    .     (armour unavailable)
rNeg   . . .     Faith    .     (no shield)
rPois  .         Spirit   .     (helmet restricted)
rElec  .         Dismiss  .     (no cloak)
rCorr  .         Reflect  .     (no gloves)
SustAt .         Harm     .     (no boots)
MR     .....                    (no amulet)
Stlth  +.........               (no ring)
                                i - ring of protection from fire

@: slowed, very slow, not resistant to hostile enchantments, very unstealthy
A: unfitting armour, cold-blooded, AC +5
a: no special abilities


You were on level 2 of the Dungeon.
You were not hungry.

You visited 1 branch of the dungeon, and saw 2 of its levels.

You collected 30 gold pieces.

Inventory:

Missiles
 a - 7 arrows
Jewellery
 i - a ring of protection from fire (left hand)
Scrolls
 d - a scroll of identify {unknown}
 n - a scroll of teleportation {unknown}
 o - a scroll of magic mapping {unknown}
Potions
 e - a potion of agility {unknown}
 g - a potion of mutation {unknown}
 h - a potion of curing {unknown}
 l - a potion of brilliance {unknown}
 m - 2 potions of heal wounds {unknown}
 p - a potion of might {unknown}
Books
 b - a book of Changes

   Spells                             Type                      Level
   a - Beastly Appendage              Transmutation                1
   b - Sticks to Snakes               Transmutation                2
   c - Spider Form                    Transmutation/Poison         3
   d - Ice Form                       Ice/Transmutation            4
   e - Blade Hands                    Transmutation                5
Comestibles
 c - 2 bread rations
 f - 2 beef jerkies
 j - a meat ration
 k - a royal jelly


   Skills:
 + Level 1.8 Fighting
 + Level 2.1 Dodging
 * Level 3.8 Unarmed Combat
 - Level 2.0 Spellcasting
 * Level 2.8 Transmutations


You couldn't memorise any spells.
You knew the following spells:

 Your Spells              Type           Power        Failure   Level  Hunger
a - Beastly Appendage     Trmt           #.....       10%         1    ##.....
b - Sticks to Snakes      Trmt           #.......     14%         2    ###....
c - Spider Form           Trmt/Pois      #.........   47%         3    ####...


Dungeon Overview and Level Annotations

Branches:
Dungeon (2/15)

Altars:
Qazlal

Annotations:
D:2 Natasha


Innate Abilities, Weirdness & Mutations

Your plain brown scales are hard (AC +5).
Your body does not fit into most forms of armour.
You are cold-blooded and may be slowed by cold attacks.


Message History

Natasha is heavily wounded.
The kobold shouts!
The crimson imp misses you.
Natasha stares at you and mumbles some strange words.
You feel yourself slow down.
You hit Natasha but do no damage. You tail-slap Natasha.
Natasha is severely wounded.
The crimson imp disappears for a moment.
The crimson imp shouts, "Bolt, thou spongy kobold-kissing surfacer!"
The crimson imp barely misses you. Natasha claws you!
* * * LOW HITPOINT WARNING * * *
The crimson imp blinks!
The crimson imp barely misses you.
Natasha casts a spell.
You closely miss Natasha.
You tail-slap Natasha, but do no damage.
Natasha is severely wounded.
The crimson imp hits you.
* * * LOW HITPOINT WARNING * * *
Natasha claws you.
You die...

#.##.......# #.##...≈≈≈_>≈≈≈≈..
#.##)#.....###.##....≈≈⌠.≈≈≈≈..
#.##<#......S......≈.≈≈≈≈≈≈...
#.##.#......##.##...≈≈≈≈≈≈≈.
#.##.#.........##....≈≈≈≈...
##.##.#.###..#####...........
#>.##.#.# #..# #............
#.###.#.###.5####.....†...#
............K5§h@S........#
#............####5........#
#.####..##..............<.# #.#
#..##..#####........... #.#
#..##..#####..........#. #.#
#..##...............#... #.#
#..##.######..........## #.#
>..##.# ########..# .#.##.#


You could see an iron imp, Natasha, 2 crimson imps, a kobold and a friendly ball
python.

Vanquished Creatures
  An ooze (D:1)
  A giant gecko (D:1)
  A giant cockroach (D:1)
  7 goblins (D:1)
  4 hobgoblins
  7 kobolds
  A quokka (D:2)
  4 bats
  2 giant newts (D:1)
  4 rats (D:1)
32 creatures vanquished.

Vanquished Creatures (collateral kills)
  Natasha (D:2)
1 creature vanquished.

Grand Total: 33 creatures vanquished

Notes
Turn   | Place    | Note
--------------------------------------------------------------
     0 | D:1      | epen the Draconian Transmuter began the quest for the Orb.
     0 | D:1      | Reached XP level 1. HP: 16/16 MP: 3/3
   127 | D:1      | Reached XP level 2. HP: 17/23 MP: 5/5
   208 | D:1      | Learned a level 2 spell: Sticks to Snakes
  1047 | D:1      | Reached XP level 3. HP: 26/28 MP: 6/6
  1054 | D:1      | Learned a level 3 spell: Spider Form
  1662 | D:2      | Found a stormy altar of Qazlal.
  1805 | D:2      | Noticed Natasha
  1813 | D:2      | Killed Natasha
  1845 | D:2      | Noticed Natasha
  1859 | D:2      | Slain by Natasha

Skill      XL: |  1  2 |
---------------+-------+-----
Dodging        | 2 |  2.1
Fighting       | |  1.8
Unarmed Combat | |  3.8
Spellcasting   | |  2.0
Transmutations | |  2.8

Action                   || total
-------------------------++-------
Melee: Unarmed           ||   139
       Tailslap          ||    11
       Punch             ||     3
 Cast: Sticks to Snakes  ||     5
  Eat: Chunk             ||     3
Armor: Skin              ||    27
Dodge: Dodged            ||    88
